Map: Abyssal Reef LE

Players

ByuN - Winner!

  • Race: Terran Terran
  • League: Gold
  • Spawn Location: 5:00

droofe

  • Race: Protoss Protoss
  • League: Gold
  • Spawn Location: 11:00

VOD

Have the link to the VOD?

Description

Time

  • Played on: April 2, 2017, 10:12 a.m.
  • Length: 10:35
Show
View Real Time Build Order
Export as new Build Order

ByuN Terran - Winner!

Build Orders: Liberator Opening, Bio Tank 

Get SALT Encoding   

  12  0:01  SCV  
  13  0:13  SCV  
  14  0:18  Supply Depot  
  14  0:25  SCV  
  15  0:31  Refinery  
  15  0:39  SCV  
  16  0:46  Barracks  
  16  0:51  SCV  
  17  1:03  SCV  
  18  1:16  SCV  
  19  1:33  Orbital Command  
  19  1:34  Barracks Reactor  
  19  1:47  Command Center  
  19  2:04  Factory, SCV  
  20  2:12  Marine x2  
  22  2:17  SCV, Refinery  
  23  2:40  Supply Depot  
  23  2:47  Factory Tech Lab  
  23  2:51  Starport  
  23  2:58  SCV  
  23  3:01  Orbital Command  
  23  3:04  Marine x2  
  26  3:06  Siege Tank  
  26  3:10  SCV  
  30  3:14  Liberator  
  30  3:23  SCV  
  30  3:25  Marine x2, Supply Depot  
  36  3:38  SCV x2  
  38  3:43  Marine x2  
  40  3:48  Supply Depot  
  40  3:50  SCV  
  40  3:53  Siege Tank  
  44  4:02  SCV x2  
  46  4:05  Marine  
  47  4:10  Supply Depot  
  47  4:14  SCV  
  47  4:15  Starport Reactor  
  48  4:26  Marine  
  48  4:27  Marine  
  48  4:30  SCV  
  48  4:31  SCV  
  52  4:39  Barracks  
  52  4:40  Barracks  
  52  4:42  Refinery x2  
  52  4:43  SCV x2  
  52  4:44  Engineering Bay  
  54  4:51  Supply Depot  
  54  4:54  Marine x2  
  54  4:55  SCV x2  
  58  5:11  Siege Tank  
  58  5:12  Marine, Medivac x2  
  66  5:15  SCV x2  
  66  5:18  Terran Infantry Weapons Level 1  
  68  5:25  Marine  
  68  5:26  Supply Depot  
  69  5:30  Marine, Supply Depot  
  69  5:33  SCV  
  69  5:34  SCV  
  72  5:38  Barracks Tech Lab  
  72  5:39  Barracks Tech Lab  
  72  5:46  SCV x2  
  71  5:50  Barracks  
  71  5:55  Barracks  
  71  5:58  SCV x2  
  71  6:02  Supply Depot  
  73  6:06  Marine x2  
  77  6:13  Combat Shields, Supply Depot, Stimpack  
  77  6:14  SCV  
  76  6:20  SCV  
  76  6:21  Marine x2  
  76  6:23  Siege Tank  
  76  6:24  Marine x2  
  84  6:28  Supply Depot  
  84  6:35  Medivac  
  84  6:37  Barracks Reactor  
  84  6:39  Marine, SCV  
  88  6:44  Barracks Reactor, Supply Depot  
  88  6:55  Siege Tank  
  88  6:58  Marine  
  88  6:59  Marine x3  
  95  7:01  Medivac  
  95  7:07  Sensor Tower  
  97  7:12  Sensor Tower  
  97  7:14  Supply Depot  
  97  7:16  Marine x2, Terran Infantry Armor Level 1  
  97  7:17  Marine x2  
  101  7:28  Siege Tank  
  104  7:30  Supply Depot  
  104  7:31  Marine x4  
  104  7:34  Marine x2  
  110  7:52  Marine x2  
  110  7:53  Marine x6, Supply Depot  
  110  7:55  Medivac, Sensor Tower  
  120  8:10  Marine x2  
  120  8:11  Marine  
  123  8:19  Command Center  
  123  8:41  Marine x5  
  123  8:42  Marine x3  
  123  8:43  Siege Tank  
  123  8:48  Supply Depot  
  134  8:59  Marine x3  
  137  9:14  Armory, Engineering Bay  
  137  9:15  Siege Tank  
  129  9:35  Marine  
  101  9:47  Siege Tank  
  101  9:51  Marine x4  
  101  9:52  Marine x3  
  111  9:53  Marine, Medivac x2  
  115  10:09  Marine x6  
  115  10:10  Marine x2  
Show
View Real Time Build Order
Export as new Build Order

droofe Protoss 

Build Orders: 1 Gate Expand 

Get SALT Encoding   

  12  0:00  Probe (Chrono Boost)  
  13  0:11  Probe (Chrono Boost)  
  14  0:22  Probe (Chrono Boost), Pylon  
  15  0:40  Probe (Chrono Boost)  
  15  0:41  Gateway  
  16  0:51  Probe (Chrono Boost)  
  17  0:59  Assimilator  
  17  1:01  Probe (Chrono Boost)  
  18  1:12  Probe (Chrono Boost)  
  19  1:28  Nexus  
  19  1:31  Probe (Chrono Boost)  
  20  1:38  Cybernetics Core  
  20  1:42  Probe (Chrono Boost)  
  21  1:48  Assimilator  
  21  1:53  Probe (Chrono Boost)  
  22  1:59  Pylon  
  22  2:03  Probe (Chrono Boost)  
  23  2:18  Warp Gate  
  23  2:19  Mothership Core (Chrono Boost)  
  23  2:20  Adept  
  27  2:32  Pylon  
  28  2:38  Probe (Chrono Boost)  
  28  2:40  Probe (Chrono Boost)  
  28  2:52  Robotics Facility  
  28  2:53  Probe (Chrono Boost)  
  28  2:57  Pylon  
  29  3:01  Probe (Chrono Boost)  
  30  3:08  Probe (Chrono Boost)  
  33  3:20  Probe x2 (Chrono Boost), Gateway  
  33  3:32  Probe (Chrono Boost)  
  34  3:37  Gateway  
  34  3:41  Forge  
  34  3:45  Probe (Chrono Boost)  
  34  3:47  Observer  
  34  3:48  Probe (Chrono Boost)  
  36  3:55  Assimilator  
  38  3:57  Probe (Chrono Boost)  
  38  3:59  Probe (Chrono Boost)  
  38  4:00  Protoss Ground Weapons Level 1  
  39  4:09  Probe (Chrono Boost)  
  40  4:21  Stalker x2  
  46  4:32  Probe x2 (Chrono Boost)  
  46  4:35  Sentry  
  48  4:39  Nexus  
  48  4:44  Probe x2 (Chrono Boost)  
  50  4:51  Pylon  
  50  4:52  Adept, Stalker  
  52  4:56  Probe (Chrono Boost)  
  50  5:07  Stalker, Immortal  
  50  5:11  Probe (Chrono Boost)  
  57  5:19  Probe (Chrono Boost)  
  58  5:26  Robotics Bay  
  58  5:30  Stalker  
  57  5:37  Stalker  
  57  6:01  Stalker  
  57  6:02  Stalker  
  57  6:03  Adept  
  63  6:11  Colossus  
  63  6:22  Protoss Shields Level 1  
  63  6:23  Probe (Chrono Boost)  
  63  6:24  Probe (Chrono Boost)  
  63  6:25  Probe (Chrono Boost)  
  72  6:34  Probe (Chrono Boost)  
  75  6:41  Probe x2 (Chrono Boost)  
  75  6:53  Stalker x2  
  79  6:54  Adept  
  81  7:02  Pylon  
  81  7:18  Probe (Chrono Boost)  
  81  7:19  Probe x2 (Chrono Boost)  
  81  7:22  Adept x2  
  86  7:23  Adept  
  86  7:29  Probe (Chrono Boost)  
  92  7:31  Probe (Chrono Boost)  
  92  7:47  Pylon  
  92  7:49  Pylon  
  93  7:51  Probe (Chrono Boost)  
  93  8:04  Gateway  
  95  8:05  Probe (Chrono Boost)  
  95  8:06  Gateway  
  95  8:07  Probe (Chrono Boost)  
  95  8:08  Stalker  
  95  8:09  Stalker x2  
  95  8:10  Gateway  
  101  8:21  Colossus  
  107  8:44  Stalker  
  109  8:59  Pylon  
  109  9:01  Pylon  
  109  9:03  Pylon  
  109  9:16  Pylon  
  109  9:17  Probe (Chrono Boost)  
  109  9:19  Probe x2 (Chrono Boost), Stalker x3, Pylon  
  109  9:20  Stalker x2  
  109  9:21  Pylon  
  84  9:43  Stalker x5  
  84  9:45  Probe (Chrono Boost)  
  67  9:46  Probe x2 (Chrono Boost)  
  65  9:55  Gateway  
  65  9:57  Gateway  
  65  9:58  Probe (Chrono Boost)  
  57  10:07  Stalker x3  
  57  10:08  Stalker x2  
  57  10:11  Probe x2 (Chrono Boost)  
Tags
 
Add a new tag
Caveats
  • Supply blocks, unpowered buildings, or Contaminate may cause inaccurate times.
  • Supply counts are checked every 10 seconds.